 Dungeon Crawl Stone Soup version 0.17-a0-1393-gcb420ff (webtiles) character file.

6207 Steifyn the Blocker (level 10, -7/84 HPs)
             Began as a Demonspawn Fighter on June 16, 2015.
             Was a Priest of Nemelex Xobeh.
             Mangled by a yak (9 damage)
             ... on level 10 of the Dungeon.
             The game lasted 00:46:27 (10338 turns).

Steifyn the Blocker (Demonspawn Fighter)           Turns: 10338, Time: 00:46:29

Health: -7/84      AC: 18    Str: 23    XL:     10   Next: 61%
Magic:  11/11      EV:  5    Int:  7    God:    Nemelex Xobeh [***...]
Gold:   379        SH: 17    Dex:  9    Spells: 0 memorised, 9 levels left

rFire  . . .     SeeInvis .     a - +4 trident
rCold  . . .     Clarity  .     v - +0 plate armour
rNeg   . . .     SustAt   .     l - +0 large shield
rPois  .         Gourm    .     (helmet unavailable)
rElec  .         Spirit   .     p - +2 cloak (curse)
rCorr  .         Warding  .     (no gloves)
rMut   .         Stasis   .     z - +0 pair of boots
MR     .....                    (no amulet)
Stlth  ..........               (no ring)
                                j - +3 ring of strength

@: not resistant to hostile enchantments, extremely unstealthy
A: horns 3, molten scales 1, clumsy 2, deterioration 1, dopey 1, nightstalker 2,
powered by pain 1, robust 1
a: Triple Draw, Renounce Religion


You were on level 10 of the Dungeon.
You worshipped Nemelex Xobeh.
Nemelex Xobeh was most pleased with you.
You were not hungry.

You visited 2 branches of the dungeon, and saw 11 of its levels.
You also visited: Sewer.

You collected 626 gold pieces.
You spent 247 gold pieces at shops.

Inventory:

Hand weapons
 a - a +4 trident (weapon)
Armour
 l - a +0 large shield (worn)
 p - a cursed +2 cloak (worn)
 v - a +0 plate armour (worn)
 z - a +0 pair of boots (worn)
Jewellery
 j - a +3 ring of strength (left hand)
Magical devices
 d - a wand of fire (8)
 m - a wand of slowing (11)
 K - a wand of magic darts (23)
Scrolls
 b - 2 scrolls of blinking {unknown}
 c - 3 scrolls of immolation {unknown}
 i - 2 scrolls of fog
 o - a scroll of amnesia
 q - 3 scrolls of remove curse
 s - 7 scrolls of identify
 u - a scroll of magic mapping
 B - a scroll of enchant weapon
 C - a scroll of recharging {unknown}
Potions
 f - a potion of magic
 h - a potion of ambrosia {unknown}
 k - 2 potions of curing
 n - 2 potions of flight
 r - 2 potions of haste {unknown}
 t - a potion of agility
 E - a potion of mutation {unknown}
 G - 2 potions of brilliance {unknown}
 H - 2 potions of resistance {unknown}
 J - a potion of might
Books
 y - a book of Changes

   Spells                             Type                      Level
   a - Beastly Appendage              Transmutation                1
   b - Sticks to Snakes               Transmutation                2
   c - Spider Form                    Transmutation/Poison         3
   d - Ice Form                       Ice/Transmutation            4
   e - Blade Hands                    Transmutation                5
Miscellaneous
 w - a plain deck of destruction {drawn: 3}
 x - a plain deck of war {drawn: 10}
 D - an ornate deck of destruction {drawn: 5}
 I - a plain deck of destruction {drawn: 1}
Comestibles
 e - 4 bread rations
 A - 26 fruits


   Skills:
 + Level 6.7 Fighting
 + Level 6.7 Polearms
 + Level 7.1 Armour
 + Level 4.0 Dodging
 + Level 1.8 Stealth
 + Level 9.2 Shields
 + Level 2.1 Evocations


You had 9 spell levels left.
You didn't know any spells.

Dungeon Overview and Level Annotations

Branches:
Dungeon (10/15)            Temple (1/1) D:4            Lair (0/8) D:10
    Orc: D:9-12

Altars:
Ashenzari
Fedhas
Gozag
Kikubaaqudgha
Makhleb
Nemelex Xobeh
Okawaru
Qazlal
Trog
Vehumet
Xom
Yredelemnul

Shops:
D:6 *   D:8 [


Innate Abilities, Weirdness & Mutations

You have a pair of large horns on your head.
You are partially covered in molten scales (AC +1).
You are significantly more attuned to the shadows.
You sometimes gain a little power by taking damage.
You are very clumsy. (Dex -4)
Your body sometimes deteriorates upon taking damage.
You are dopey. (Int -2)
You are robust (+10% HP).


Message History

You block the yak's attack. The yak barely misses you.
You block the yak's attack. You block the yak's attack.
The yak snorts and paws the ground.
The yak gores you but does no damage.
You see here a crocodile corpse.
You are too injured to fight recklessly!
You block the yak's attack.
You puncture the yak! You headbutt the yak.
The yak is almost dead.
You block the yak's attack. The yak gores you but does no damage.
You barely miss the yak.
The yak is almost dead.
The yak gores you.
* * * LOW HITPOINT WARNING * * *
The yak gores you.
* * * LOW HITPOINT WARNING * * *
You block the yak's attack. The yak gores you!
You die...
Your body glows with a rainbow of weird colours and disappears.

+........# ..........
..........#
....!....♣.............
}.P...♣......P.........
. ..P.......P.........#
..♣♣..>.♣......
............♣..
..P..YYY.........
...P.P@.....P....
.....Y............
..........P.......
#....P..........#
#.........?...(.#
..######.#.....#
#.#.....# #.#(....#
+.+..†..#+##


You could see 4 yaks.

Vanquished Creatures
  Pikel (D:5)
  A centaur zombie (D:10)
  A troll (D:9)
  Grinder (D:3)
  A fire vortex (D:8)
  Sigmund (D:6)
  2 wyverns
  5 yaks (D:10)
  2 hungry ghosts (D:8)
  A steam dragon (D:8)
  A hippogriff (D:8)
  2 porcupines (D:10)
  A water moccasin (D:6)
  Duvessa (D:5)
  A sky beast (D:9)
  3 orc warriors
  A black bear (D:6)
  2 centaurs
  3 crocodiles (D:10)
  2 big kobolds
  An ogre (D:9)
  Blork the orc (D:5)
  7 giant frogs
  A wyvern zombie (D:6)
  Dowan (D:5)
  3 wights (D:8)
  A killer bee (D:10)
  2 quasits
  A giant frog zombie (D:5)
  2 crimson imps
  A jelly (D:7)
  3 orc wizards
  Crazy Yiuf (D:3)
  An orc priest (D:7)
  2 hounds
  3 iguanas
  6 worker ants
  Robin (D:2)
  3 gnolls (D:3)
  3 shadow imps
  6 adders
  3 river rats
  An ooze (D:3)
  An adder skeleton (D:8)
  2 worms
  16 orcs
  2 ball pythons (D:3)
  10 bats
  2 bat skeletons
  3 giant cockroaches
  17 goblins
  10 hobgoblins
  8 jackals
  2 quokkas
  4 giant geckos
  A giant gecko zombie (D:5)
  2 giant newts (D:1)
  11 kobolds
  16 rats
194 creatures vanquished.

Vanquished Creatures (collateral kills)
  Menkaure (D:5)
  A centaur (D:5)
  A crimson imp (D:8)
  A giant frog skeleton (D:5)
  An orc priest (D:5)
  A hound (D:5)
  An adder (D:8)
  A giant gecko (D:5)
  2 orcs
10 creatures vanquished.

Vanquished Creatures (others)
  Eustachio (D:5)
  A fire vortex (D:8)
  2 slaves (D:5)
  A crimson imp (D:5)
  A jelly (D:5)
  An orc wizard (D:6)
  An orc (D:5)
  A kobold (D:5)
9 creatures vanquished.

Grand Total: 213 creatures vanquished

Notes
Turn   | Place    | Note
--------------------------------------------------------------
     0 | D:1      | Steifyn the Demonspawn Fighter began the quest for the Orb.
     0 | D:1      | Reached XP level 1. HP: 18/18 MP: 1/1
   242 | D:1      | Gained mutation: You have a pair of small horns on your head. [demonic ancestry]
   242 | D:1      | Reached XP level 2. HP: 21/24 MP: 2/2
  1251 | D:2      | Gained mutation: You sometimes gain a little power by taking damage. [demonic ancestry]
  1251 | D:2      | Reached XP level 3. HP: 27/29 MP: 3/3
  1350 | D:2      | Noticed Robin
  1357 | D:2      | Killed Robin
  1815 | D:3      | Gained mutation: You are slightly more attuned to the shadows. [demonic ancestry]
  1815 | D:3      | Reached XP level 4. HP: 37/37 MP: 4/4
  1848 | D:3      | Reached skill level 1 in Dodging
  1881 | D:3      | Found a glowing drain.
  1911 | Sewer    | Entered a sewer
  2183 | Sewer    | Noticed a big kobold
  2256 | Sewer    | Killed a big kobold
  2256 | Sewer    | Reached XP level 5. HP: 31/42 MP: 5/5
  2322 | Sewer    | Found a white marble altar of Elyvilon.
  2821 | D:3      | Noticed Crazy Yiuf
  2831 | D:3      | Killed Crazy Yiuf
  2831 | D:3      | Reached skill level 4 in Fighting
  3186 | D:3      | Noticed Grinder
  3199 | D:3      | Paralysed by Grinder for 7 turns
  3215 | D:3      | Killed Grinder
  3215 | D:3      | Reached skill level 1 in Stealth
  3215 | D:3      | Reached XP level 6. HP: 27/48 MP: 6/6
  3962 | D:4      | Gained mutation: You have a pair of horns on your head. [demonic ancestry]
  3962 | D:4      | Reached XP level 7. HP: 38/55 MP: 7/7
  4061 | D:4      | Found a shimmering altar of Xom.
  4061 | D:4      | Found a basalt altar of Yredelemnul.
  4065 | D:4      | Became a worshipper of Xom the Psychotic
  4151 | D:4      | XOM: harmless Pois miscast
  4234 | D:4      | Found a staircase to the Ecumenical Temple.
  4256 | Temple   | Entered the Ecumenical Temple
  4262 | Temple   | Fell from the grace of Xom
  4262 | Temple   | Became a worshipper of Nemelex Xobeh the Trickster
  4274 | D:4      | Received a gift from Nemelex Xobeh
  4339 | D:5      | Entered Level 5 of the Dungeon
  4365 | D:5      | Noticed Pikel
  4388 | D:5      | Killed Pikel
  4388 | D:5      | Reached skill level 5 in Shields
  4388 | D:5      | Gained mutation: You are partially covered in molten scales (AC +1). [demonic ancestry]
  4388 | D:5      | Reached XP level 8. HP: 44/61 MP: 8/8
  4414 | D:5      | Noticed Duvessa
  4416 | D:5      | Noticed Dowan
  4428 | D:5      | Killed Duvessa
  4428 | D:5      | Reached skill level 6 in Shields
  4434 | D:5      | Killed Dowan
  4497 | D:5      | Reached skill level 5 in Armour
  4574 | D:5      | Noticed Menkaure
  4594 | D:5      | Killed Menkaure
  4657 | D:5      | Reached skill level 5 in Fighting
  4797 | D:5      | Killed Eustachio
  4802 | D:5      | Noticed Blork the orc
  4813 | D:5      | Killed Blork the orc
  4960 | D:5      | XOM: mild Conj miscast
  5046 | D:5      | XOM: summons 3 hostile shadow creatures
  5131 | D:5      | XOM: torment (32/62 hp)
  5358 | D:5      | XOM: medium Divn miscast
  5570 | D:6      | XOM: severe Ice miscast
  5594 | D:6      | XOM: 1-stop teleportation journey
  5873 | D:6      | Found Vyorun's General Store.
  5892 | D:6      | Bought 3 scrolls of enchant weapon for 247 gold pieces
  6062 | D:6      | Noticed Prince Ribbit
  6099 | D:6      | XOM: mild Ice miscast
  6151 | D:6      | XOM: medium Fire miscast
  6406 | D:6      | Reached skill level 1 in Evocations
  6428 | D:6      | Received a gift from Nemelex Xobeh
  6436 | D:6      | Gained mutation: You are significantly more attuned to the shadows. [demonic ancestry]
  6436 | D:6      | Reached XP level 9. HP: 68/68 MP: 9/9
  6546 | D:6      | XOM: mild Chrm miscast
  6554 | D:6      | Noticed Sigmund
  6567 | D:6      | Killed Sigmund
  6640 | D:6      | Noticed Prince Ribbit
  6640 | D:6      | Prince Ribbit changed into Prince Ribbit the wyvern
  6645 | D:6      | Killed Prince Ribbit the wyvern
  6645 | D:6      | Reached skill level 7 in Shields
  6700 | D:6      | XOM: give mutations
  6700 | D:6      | Gained mutation: Your natural rate of healing is unusually fast. [Xom's mischief]
  6700 | D:6      | Gained mutation: You are clumsy. (Dex -2) [Xom's mischief]
  6700 | D:6      | Gained mutation: You are dopey. (Int -2) [Xom's mischief]
  6700 | D:6      | Lost mutation: Your natural rate of healing is unusually fast. [Xom's mischief]
  6801 | D:6      | XOM: torment (29/68 hp)
  7081 | D:7      | XOM: noise
  7353 | D:7      | Received a gift from Nemelex Xobeh
  7420 | D:7      | Found a shattered altar of Ashenzari.
  7423 | D:7      | Found a radiant altar of Vehumet.
  7564 | D:7      | Found an iron altar of Okawaru.
  7940 | D:7      | XOM: vitrification
  8041 | D:7      | XOM: medium Trmt miscast
  8101 | D:7      | XOM: medium Divn miscast
  8150 | D:8      | Reached skill level 5 in Polearms
  8168 | D:8      | Found a stormy altar of Qazlal.
  8231 | D:8      | XOM: medium Hex miscast
  8255 | D:8      | Found Berghigho's Antique Armour Boutique.
  8359 | D:8      | Received a gift from Nemelex Xobeh
  8397 | D:8      | XOM: give mutations
  8397 | D:8      | Gained mutation: You are robust (+10% HP). [Xom's mischief]
  8397 | D:8      | Gained mutation: Your body sometimes deteriorates upon taking damage. [Xom's mischief]
  8397 | D:8      | Gained mutation: You are very clumsy. (Dex -4) [Xom's mischief]
  8792 | D:8      | XOM: medium Fire miscast
  8828 | D:8      | Reached skill level 8 in Shields
  8833 | D:8      | Gained mutation: You have a pair of large horns on your head. [demonic ancestry]
  8833 | D:8      | Reached XP level 10. HP: 55/83 MP: 11/11
  8869 | D:8      | XOM: mild Fire miscast
  9171 | D:9      | XOM: 1-stop teleportation journey
  9299 | D:9      | Found a blossoming altar of Fedhas.
  9377 | D:9      | Found an opulent altar of Gozag.
  9449 | D:9      | XOM: medium Conj miscast
  9610 | D:9      | Acquired Nemelex Xobeh's first power
  9704 | D:10     | Entered Level 10 of the Dungeon
 10028 | D:10     | XOM: noise
 10249 | D:10     | Reached skill level 9 in Shields
 10251 | D:10     | XOM: medium Hex miscast
 10251 | D:10     | Was forgiven by Xom
 10316 | D:10     | Found a staircase to the Lair.
 10338 | D:10     | HP: 2/84 [yak (3)]
 10338 | D:10     | Mangled by a yak

Vault maps used:
D:1:      mrwooster_arrival_statue, grunt_decor_arrowhead, nrook_loot_triangle,
          minmay_door_square, kennysheep_pointless_box
D:2:      first_bread, minmay_misc_feat_rugged, uniq_robin
D:3:      portal_sewer_entry_b, uniq_crazy_yiuf_cottage, uniq_grinder
D:4:      gammafunk_temple_overflow_elements, minmay_temple_entry_butterflies,
          minmay_statues_item
D:5:      uniq_duvessa, uniq_pikel, uniq_blork_the_orc, uniq_menkaure,
          uniq_eustachio
D:6:      serial_shops, shop, uniq_sigmund, uniq_prince_ribbit1
D:7:      grunt_temple_overflow_open
D:8:      overflow_temple_1_default, blue_anna_alchemist,
          kennysheep_windowed_goal
D:9:      kennysheep_mini_moat, fedhas_bush_and_centaur_altar
D:10:     minmay_lair_entry_grove, serial_shops, shop_statue
Temple:   zaba_magenta_temple_12
Sewer:    sewer_kobolds

Action                   |  1- 3 |  4- 6 |  7- 9 | 10-12 || total
-------------------------+-------+-------+-------+-------++-------
Melee: Trident           |   138 |   204 |   347 |   189 ||   878
Evoke: Deck              |       |       |    11 |     8 ||    19
  Use: Potion            |     2 |     3 |    12 |     1 ||    18
       Scroll            |     2 |     2 |    10 |     2 ||    16
 Stab: Sleeping          |       |     1 |     2 |       ||     3
  Eat: Bread ration      |     1 |       |     2 |       ||     3
       Meat ration       |     1 |     1 |     1 |     1 ||     4
       Fruit             |       |       |     2 |       ||     2
       Pizza             |       |       |     1 |       ||     1
       Beef jerky        |       |       |     1 |       ||     1
